Cape Breton Oilers vs Philadelphia Phantoms
Created - Thursday, October 3, 2024 at 06:21
Goals
|
| Cape Breton Oilers |
1 |
2 |
0 |
3 |
| Philadelphia Phantoms |
0 |
3 |
2 |
5 |
|
Shots
|
| Cape Breton Oilers |
14 |
13 |
5 |
32 |
| Philadelphia Phantoms |
12 |
15 |
16 |
43 |
|
1st period
1. Cape Breton Oilers , Jonny Brodzinski 17 (Alex Belzile 6) at 15:13
Penalties :
Wyatt Kaiser (CBO) for Holding (Minor) at 10:19
2nd period
2. Cape Breton Oilers , Alex Belzile 6 (Jonny Brodzinski 27, Wyatt Kaiser 7) at 2:55
3. Cape Breton Oilers , Brennan Othmann 5 (Jonny Brodzinski 28) at 5:47
4. Philadelphia Phantoms , Tye Kartye 14 (Brandon Duhaime 12, Nils Aman 3) at 7:31
5. Philadelphia Phantoms , Alex Steeves 10 (Juuso Parssinen 23, Egor Afanasyev 24) at 18:31
6. Philadelphia Phantoms , Jesper Fast 1 (Jack McBain 15) at 19:24
Penalties :
Alex Belzile (CBO) for Roughing (Minor) at 14:54
3rd period
7. Philadelphia Phantoms , Jaret Anderson-Dolan 13 (Nick Blankenburg 6, Pontus Holmberg 14) at 15:58
8. Philadelphia Phantoms , Jack McBain 9 (Brandon Duhaime 13, Nick Blankenburg 7) at 19:50 (Empty Net)
Penalties :
Tye Kartye (PHP) for High sticking (Minor) at 1:10, Leon Gawanke (CBO) for Cross-checking (Minor) at 7:48, Brennan Othmann (CBO) for Slashing (Minor) at 16:47
Goalie Stats
Hunter Jones (CBO), 38 saves from 42 shots - (0.905), L, 7-5-3, 59:16 minutes
Jake Allen (PHP), 29 saves from 32 shots - (0.906), W, 1-0-0, 60:00 minutes
Players Stats for Cape Breton Oilers
Player Name G A P +/- PIM S H SB GA TA FO MP PP MP PK MP
------------------------------------------------------------------------------------
Alex Belzile 1 1 2 1 2 1 2 3 0 0 0/0 15:29 0:06 0:18
Brennan Othmann 1 0 1 1 2 1 2 0 0 0 0/0 12:54 0:00 0:00
Brett Seney 0 0 0 -2 0 3 3 0 0 0 3/5 22:14 1:00 4:19
Carl Grundstrom 0 0 0 0 0 2 2 0 5 0 0/0 13:55 0:53 0:00
Dominic Toninato 0 0 0 0 0 1 1 1 0 1 9/12 19:15 0:53 4:04
Jonah Gadjovich 0 0 0 0 0 0 0 0 0 0 2/6 2:08 0:06 0:00
Jonny Brodzinski 1 2 3 1 0 2 2 0 1 0 1/8 13:41 0:06 0:13
Kevin Bahl 0 0 0 -3 0 3 1 3 0 3 0/0 27:43 1:01 4:02
Leon Gawanke 0 0 0 1 2 0 1 1 0 0 0/0 12:48 0:00 0:17
Matt Luff 0 0 0 -1 0 0 0 0 0 1 0/2 6:46 0:00 0:00
Max Jones 0 0 0 -2 0 3 0 1 1 1 0/1 19:35 1:00 3:30
Maxim Groshev 0 0 0 -1 0 1 4 0 0 0 0/0 6:46 0:00 0:00
Parker Kelly 0 0 0 -3 0 5 0 0 0 1 7/31 24:39 1:00 3:21
Philip Broberg 0 0 0 0 0 1 0 1 0 1 0/0 20:43 0:58 4:18
Vladislav Kolyachonok 0 0 0 0 0 1 1 2 0 1 0/0 20:19 0:58 3:54
Will Cuylle 0 0 0 0 0 6 1 0 0 0 0/0 14:02 0:53 0:07
William Trudeau 0 0 0 1 0 0 0 0 0 0 0/0 12:33 0:00 0:35
Wyatt Kaiser 0 1 1 -3 2 2 0 0 0 0 0/0 26:30 1:01 2:46
Players Stats for Philadelphia Phantoms
Player Name G A P +/- PIM S H SB GA TA FO MP PP MP PK MP
------------------------------------------------------------------------------------
Alex Steeves 1 0 1 0 0 2 0 1 1 1 0/0 15:38 3:52 0:00
Brandon Duhaime 0 2 2 1 0 1 1 0 1 0 0/0 14:09 0:00 0:57
Egor Afanasyev 0 1 1 0 0 3 1 0 1 1 12/16 16:06 3:52 0:07
Jack McBain 1 1 2 2 0 5 1 0 1 0 12/16 18:01 4:04 0:57
James Malatesta 0 0 0 0 0 8 2 2 0 0 0/1 17:07 4:04 0:00
Jaret Anderson-Dolan 1 0 1 0 0 5 3 0 0 1 2/2 12:59 0:00 0:00
Jesper Fast 1 0 1 1 0 3 1 0 1 0 0/0 17:01 4:04 0:55
Juuso Parssinen 0 1 1 0 0 2 1 1 2 0 2/3 16:03 3:50 0:07
Louis Crevier 0 0 0 0 0 0 1 0 0 0 0/0 15:04 0:00 0:00
Lukas Rousek 0 0 0 0 0 3 1 1 0 0 1/1 12:09 0:00 0:00
Marcus Bjork 0 0 0 0 0 2 0 1 0 0 0/0 17:22 0:00 1:06
Nick Blankenburg 0 2 2 2 0 2 2 0 1 1 0/0 22:52 3:52 0:53
Nils Aman 0 1 1 0 0 1 0 0 1 0 4/10 12:21 0:02 0:00
Pontus Holmberg 0 1 1 1 0 1 0 1 0 0 9/15 14:57 0:00 0:55
Ryan Johnson 0 0 0 0 0 0 0 2 0 1 0/0 22:04 4:04 1:06
Tye Kartye 1 0 1 1 2 2 1 0 0 0 1/1 16:11 4:04 0:00
Tyler Kleven 0 0 0 0 0 2 1 0 0 0 0/0 15:04 0:00 0:00
William Borgen 0 0 0 2 0 1 2 0 0 2 0/0 22:52 3:52 0:53
3 Stars
1 - Jack McBain (PHP)
2 - Jonny Brodzinski (CBO)
3 - Nick Blankenburg (PHP)
Power Play
Cape Breton Oilers - 0 on 1 Attempt(s) - 0.00%
Philadelphia Phantoms - 0 on 4 Attempt(s) - 0.00%
Penalty Kill
Cape Breton Oilers - 4 on 4 Attempt(s) - 100.00%
- Score 0 goal in Penalty Kill
Philadelphia Phantoms - 1 on 1 Attempt(s) - 100.00%
- Score 0 goal in Penalty Kill
Team Stat
Cape Breton Oilers - Hits : 20 - Faceoff Wins : 22 - Blocked Shots : 12 - Penalty Minutes : 8
Philadelphia Phantoms - Hits : 18 - Faceoff Wins : 43 - Blocked Shots : 9 - Penalty Minutes : 2
Official
Referees : Peter Macdougall and Justin St. Pierre
Linesman : Devin Berg and James Tobias
Game Notes
Jack McBain has scored in a empty net!
Cape Breton Oilers
5 vs 5 Forward
Center Left Wing Right Wing Time % Phy DF OF
1 Parker Kelly Brett Seney Max Jones 30 1 2 2
2 Dominic Toninato Will Cuylle Carl Grundstrom 30 1 2 2
3 Jonny Brodzinski Brennan Othmann Alex Belzile 25 1 2 2
4 Parker Kelly Maxim Groshev Matt Luff 15 1 2 2
5 vs 5 Defense
Defense Defense Time % Phy DF OF
1 Kevin Bahl Wyatt Kaiser 30 1 2 2
2 Philip Broberg Vladislav Kolyachonok 30 1 2 2
3 Leon Gawanke William Trudeau 25 1 2 2
4 Kevin Bahl Wyatt Kaiser 15 1 2 2
PowerPlay Forward
Center Left Wing Right Wing Time % Phy DF OF
1 Parker Kelly Brett Seney Max Jones 50 1 2 2
2 Dominic Toninato Will Cuylle Carl Grundstrom 50 1 2 2
PowerPlay Defense
Defense Defense Time % Phy DF OF
1 Kevin Bahl Wyatt Kaiser 50 1 2 2
2 Philip Broberg Vladislav Kolyachonok 50 1 2 2
Penalty Kill 4 Players Forward
Center Wing Time % Phy DF OF
1 Parker Kelly Max Jones 50 1 2 2
2 Brett Seney Dominic Toninato 50 1 2 2
Penalty Kill 4 Players Defense
Defense Defense Time % Phy DF OF
1 Kevin Bahl Wyatt Kaiser 50 1 2 2
2 Philip Broberg Vladislav Kolyachonok 50 1 2 2
Penalty Kill - 3 Players Forward
Forward Time % Phy DF OF
1 Parker Kelly 50 1 2 2
2 Max Jones 50 1 2 2
Penalty Kill - 3 Players Defense
Defense Defense Time % Phy DF OF
1 Kevin Bahl Wyatt Kaiser 50 1 2 2
2 Philip Broberg Vladislav Kolyachonok 50 1 2 2
4 vs 4 Forward
Center Wing Time % Phy DF OF
1 Parker Kelly Max Jones 50 1 2 2
2 Brett Seney Dominic Toninato 50 1 2 2
4 vs 4 Defense
Defense Defense Time % Phy DF OF
1 Kevin Bahl Wyatt Kaiser 50 1 2 2
2 Philip Broberg Vladislav Kolyachonok 50 1 2 2
Last Minutes Offensive
Center Left Wing Right Wing Defense Defense
Parker Kelly Brett Seney Max Jones Kevin Bahl Wyatt Kaiser
Last Minutes Defensive
Center Left Wing Right Wing Defense Defense
Parker Kelly Brett Seney Max Jones Kevin Bahl Wyatt Kaiser
Goaltenders
Starting : Hunter Jones
Backup : Unknown Goalie
Extra Forwards
Normal : Jonah Gadjovich, Jonny Brodzinski, Alex Belzile - PP : Jonah Gadjovich, Jonny Brodzinski - PK : Alex Belzile
Extra Defensemen
Normal : Leon Gawanke, William Trudeau, Philip Broberg - PP : Leon Gawanke - PK : William Trudeau, Philip Broberg
Penalty Shots
Parker Kelly, Max Jones, Brett Seney, Dominic Toninato, Will Cuylle
Scratches
Chase Stillman (Healthy), Nolan Allan (Healthy), Josh Bloom (Healthy), Mike Benning (Healthy), Jacob Ingham (Healthy)
Joel Blomqvist (Healthy), Matt Villalta (Healthy)
Philadelphia Phantoms
5 vs 5 Forward
Center Left Wing Right Wing Time % Phy DF OF
1 Egor Afanasyev Juuso Parssinen Alex Steeves 25 0 3 2
2 Jack McBain Tye Kartye Jesper Fast 25 0 3 2
3 Pontus Holmberg James Malatesta Jaret Anderson-Dolan 25 0 3 2
4 Nils Aman Brandon Duhaime Lukas Rousek 25 0 3 2
5 vs 5 Defense
Defense Defense Time % Phy DF OF
1 William Borgen Nick Blankenburg 35 0 3 2
2 Ryan Johnson Marcus Bjork 35 0 3 2
3 Tyler Kleven Louis Crevier 30 0 3 2
4 William Borgen Nick Blankenburg 0 0 3 2
PowerPlay Forward
Center Left Wing Right Wing Time % Phy DF OF
1 Egor Afanasyev Juuso Parssinen Alex Steeves 50 0 1 4
2 Jack McBain Tye Kartye Jesper Fast 50 0 1 4
PowerPlay Defense
Defense Defense Time % Phy DF OF
1 William Borgen Nick Blankenburg 50 0 1 4
2 Ryan Johnson James Malatesta 50 0 1 4
Penalty Kill 4 Players Forward
Center Wing Time % Phy DF OF
1 Jack McBain Brandon Duhaime 50 0 4 1
2 Pontus Holmberg Jesper Fast 50 0 4 1
Penalty Kill 4 Players Defense
Defense Defense Time % Phy DF OF
1 William Borgen Nick Blankenburg 50 0 4 1
2 Ryan Johnson Marcus Bjork 50 0 4 1
Penalty Kill - 3 Players Forward
Forward Time % Phy DF OF
1 Jack McBain 50 0 5 0
2 Brandon Duhaime 50 0 5 0
Penalty Kill - 3 Players Defense
Defense Defense Time % Phy DF OF
1 William Borgen Nick Blankenburg 50 0 5 0
2 Ryan Johnson Marcus Bjork 50 0 5 0
4 vs 4 Forward
Center Wing Time % Phy DF OF
1 Egor Afanasyev Juuso Parssinen 50 0 3 2
2 Jack McBain Tye Kartye 50 0 3 2
4 vs 4 Defense
Defense Defense Time % Phy DF OF
1 William Borgen Nick Blankenburg 50 0 3 2
2 Ryan Johnson Marcus Bjork 50 0 3 2
Last Minutes Offensive
Center Left Wing Right Wing Defense Defense
Jack McBain Juuso Parssinen James Malatesta William Borgen Nick Blankenburg
Last Minutes Defensive
Center Left Wing Right Wing Defense Defense
Jack McBain Brandon Duhaime Pontus Holmberg William Borgen Nick Blankenburg
Goaltenders
Starting : Jake Allen
Backup : Spencer Martin
Extra Forwards
Normal : Jesper Fast, Nils Aman, Pontus Holmberg - PP : Jesper Fast, Nils Aman - PK : Jack McBain
Extra Defensemen
Normal : Tyler Kleven, William Borgen, Marcus Bjork - PP : Tyler Kleven - PK : William Borgen, Marcus Bjork
Penalty Shots
Juuso Parssinen, Brandon Duhaime, Egor Afanasyev, Tye Kartye, Jesper Fast
Scratches
Ryan Winterton (Healthy), Adam Klapka (Suspend), Filip Cederqvist (Healthy), Tyrel Bauer (Healthy), Matthew Seminoff (Healthy)
Brett Murray (Suspend), Josh Lopina (Healthy), Dennis Hildeby (Healthy)
% Time on Ice - Cape Breton Oilers
Lines # - Real PCT - Wanted PCT - Time Play
Normal Forward
1 - 29% - 30% - 14:12
2 - 31% - 30% - 15:12
3 - 26% - 25% - 12:53
4 - 14% - 15% - 6:46
Normal Defense
1 - 30% - 30% - 14:39
2 - 31% - 30% - 15:27
3 - 24% - 25% - 11:58
4 - 14% - 15% - 6:59
PP Forward
1 - 50% - 50% - 1:00
2 - 50% - 50% - 0:59
PP Defense
1 - 51% - 50% - 1:01
2 - 49% - 50% - 0:58
PK Forward
1 - 46% - 50% - 3:37
2 - 54% - 50% - 4:19
PK Defense
1 - 51% - 50% - 4:02
2 - 49% - 50% - 3:54
PK3 Forward
1 - 0% - 50%
2 - 0% - 50%
PK3 Defense
1 - 0% - 50%
2 - 0% - 50%
44 Forward
1 - 0% - 50%
2 - 0% - 50%
44 Defense
1 - 0% - 50%
2 - 0% - 50%
Last Minute Offensive - 1:02
Last Minute Defensive - 0:00
Total
Forward - 60:00
Defense - 60:00
|
% Time on Ice - Philadelphia Phantoms
Lines # - Real PCT - Wanted PCT - Time Play
Normal Forward
1 - 24% - 25% - 11:46
2 - 25% - 25% - 12:08
3 - 26% - 25% - 12:59
4 - 25% - 25% - 12:09
Normal Defense
1 - 35% - 35% - 17:04
2 - 34% - 35% - 16:54
3 - 31% - 30% - 15:04
4 - 0% - 0% - 0:00
PP Forward
1 - 49% - 50% - 3:52
2 - 51% - 50% - 4:04
PP Defense
1 - 49% - 50% - 3:52
2 - 51% - 50% - 4:04
PK Forward
1 - 48% - 50% - 0:57
2 - 52% - 50% - 1:02
PK Defense
1 - 45% - 50% - 0:53
2 - 55% - 50% - 1:06
PK3 Forward
1 - 0% - 50%
2 - 0% - 50%
PK3 Defense
1 - 0% - 50%
2 - 0% - 50%
44 Forward
1 - 0% - 50%
2 - 0% - 50%
44 Defense
1 - 0% - 50%
2 - 0% - 50%
Last Minute Offensive - 0:00
Last Minute Defensive - 1:03
Total
Forward - 60:00
Defense - 60:00
|
Play-by-Play
1st period
0:01 of 1st period - Egor Afanasyev wins face-off versus Parker Kelly in neutral zone.
0:15 of 1st period - Snap shot by Brett Seney.
0:15 of 1st period - Stopped by Jake Allen with a rebound.
0:47 of 1st period - Wrist shot by Brandon Duhaime.
0:47 of 1st period - Shot Misses the Net.
1:18 of 1st period - Wrist shot by James Malatesta.
1:18 of 1st period - Stopped by Hunter Jones with a rebound.
1:20 of 1st period - Slapshot by Pontus Holmberg.
1:20 of 1st period - Shot Misses the Net.
2:11 of 1st period - Jonny Brodzinski is hit by William Borgen and loses puck.
2:32 of 1st period - Slapshot by Matt Luff.
2:32 of 1st period - Shot Misses the Net.
2:54 of 1st period - William Borgen is hit by Alex Belzile and loses puck.
3:18 of 1st period - Slapshot by James Malatesta.
3:18 of 1st period - Stopped by Hunter Jones without a rebound.
3:19 of 1st period - Jaret Anderson-Dolan wins face-off versus Jonah Gadjovich in Cape Breton Oilers zone.
3:22 of 1st period - Snap shot by James Malatesta.
3:22 of 1st period - Stopped by Hunter Jones without a rebound.
3:23 of 1st period - Nils Aman wins face-off versus Jonah Gadjovich in Cape Breton Oilers zone.
3:32 of 1st period - Wrist shot by Lukas Rousek.
3:32 of 1st period - Stopped by Hunter Jones with a rebound.
3:34 of 1st period - Slapshot by Brandon Duhaime.
3:34 of 1st period - Deflect By Lukas Rousek.
3:34 of 1st period - Shot Blocked by Leon Gawanke.
3:34 of 1st period - Puck is out of play.
3:35 of 1st period - Parker Kelly wins face-off versus James Malatesta in Cape Breton Oilers zone.
3:44 of 1st period - Snap shot by Max Jones.
3:44 of 1st period - Stopped by Jake Allen with a rebound.
3:46 of 1st period - Wrist shot by Parker Kelly.
3:46 of 1st period - Stopped by Jake Allen with a rebound.
3:48 of 1st period - Slapshot by Kevin Bahl.
3:48 of 1st period - Stopped by Jake Allen with a rebound.
3:50 of 1st period - Slapshot by Kevin Bahl.
3:50 of 1st period - Shot Blocked by Ryan Johnson.
4:46 of 1st period - Wrist shot by Max Jones.
4:46 of 1st period - Stopped by Jake Allen with a rebound.
4:48 of 1st period - Snap shot by Wyatt Kaiser.
4:48 of 1st period - Shot Misses the Net.
5:37 of 1st period - Snap shot by Alex Steeves.
5:37 of 1st period - Stopped by Hunter Jones with a rebound.
5:39 of 1st period - Slapshot by Tyler Kleven.
5:39 of 1st period - Shot Misses the Net.
5:50 of 1st period - Off-side.
5:51 of 1st period - Dominic Toninato wins face-off versus Pontus Holmberg in neutral zone.
5:54 of 1st period - William Borgen is hit by Carl Grundstrom and loses puck.
6:01 of 1st period - Wrist shot by Will Cuylle.
6:01 of 1st period - Stopped by Jake Allen without a rebound.
6:02 of 1st period - Dominic Toninato wins face-off versus Pontus Holmberg in Philadelphia Phantoms zone.
6:07 of 1st period - Snap shot by Will Cuylle.
6:07 of 1st period - Stopped by Jake Allen without a rebound.
6:08 of 1st period - Dominic Toninato wins face-off versus Pontus Holmberg in Philadelphia Phantoms zone.
6:09 of 1st period - Snap shot by Will Cuylle.
6:09 of 1st period - Stopped by Jake Allen with a rebound.
6:11 of 1st period - Slapshot by Kevin Bahl.
6:11 of 1st period - Deflect By Carl Grundstrom.
6:11 of 1st period - Stopped by Jake Allen with a rebound.
6:13 of 1st period - Snap shot by Kevin Bahl.
6:13 of 1st period - Stopped by Jake Allen with a rebound.
6:15 of 1st period - Snap shot by Will Cuylle.
6:15 of 1st period - Shot Blocked by James Malatesta.
6:17 of 1st period - Slapshot by Carl Grundstrom.
6:17 of 1st period - Shot Misses the Net.
6:19 of 1st period - Slapshot by Wyatt Kaiser.
6:19 of 1st period - Stopped by Jake Allen without a rebound.
6:20 of 1st period - Parker Kelly wins face-off versus Egor Afanasyev in Philadelphia Phantoms zone.
6:45 of 1st period - Kevin Bahl is hit by Louis Crevier and loses puck.
6:54 of 1st period - Wrist shot by Nils Aman.
6:54 of 1st period - Shot Blocked by Kevin Bahl.
8:31 of 1st period - James Malatesta is hit by Brett Seney and loses puck.
8:54 of 1st period - Tyler Kleven is hit by Will Cuylle and loses puck.
9:18 of 1st period - Slapshot by Egor Afanasyev.
9:18 of 1st period - Shot Blocked by Alex Belzile.
9:28 of 1st period - Slapshot by Jonny Brodzinski.
9:28 of 1st period - Stopped by Jake Allen with a rebound.
9:34 of 1st period - Wrist shot by Brandon Duhaime.
9:34 of 1st period - Shot Misses the Net.
10:19 of 1st period - Minor Penalty to Wyatt Kaiser for Holding.
10:20 of 1st period - Egor Afanasyev wins face-off versus Brett Seney in Cape Breton Oilers zone.
12:00 of 1st period - Icing by Jack McBain.
12:01 of 1st period - Brett Seney wins face-off versus Egor Afanasyev in Philadelphia Phantoms zone.
12:19 of 1st period - Penalty to Wyatt Kaiser is over, Wyatt Kaiser is back on ice.
12:28 of 1st period - Lukas Rousek is hit by Brennan Othmann and loses puck.
12:37 of 1st period - James Malatesta is hit by Alex Belzile and loses puck.
14:07 of 1st period - Off-side.
14:08 of 1st period - Egor Afanasyev wins face-off versus Jonah Gadjovich in neutral zone.
14:11 of 1st period - Wrist shot by Alex Steeves.
14:11 of 1st period - Shot Misses the Net.
14:13 of 1st period - Slapshot by Tyler Kleven.
14:13 of 1st period - Deflect By Matt Luff.
14:13 of 1st period - Stopped by Hunter Jones with a rebound.
14:15 of 1st period - Wrist shot by Louis Crevier.
14:15 of 1st period - Deflect By Egor Afanasyev.
14:15 of 1st period - Stopped by Hunter Jones with a rebound.
14:17 of 1st period - Snap shot by Juuso Parssinen.
14:17 of 1st period - Stopped by Hunter Jones with a rebound.
14:19 of 1st period - Slapshot by Tyler Kleven.
14:19 of 1st period - Stopped by Hunter Jones without a rebound.
14:20 of 1st period - Dominic Toninato wins face-off versus Jack McBain in Cape Breton Oilers zone.
14:20 of 1st period - Dominic Toninato is hit by William Borgen.
15:00 of 1st period - Brett Seney is hit by Nick Blankenburg and loses puck.
15:13 of 1st period - Wrist shot by Jonny Brodzinski.
15:13 of 1st period - Goal by Jonny Brodzinski - Cape Breton Oilers : 1 - Philadelphia Phantoms : 0.
15:14 of 1st period - Nils Aman wins face-off versus Max Jones in neutral zone.
16:21 of 1st period - Snap shot by Parker Kelly.
16:21 of 1st period - Shot Misses the Net.
16:27 of 1st period - Snap shot by Egor Afanasyev.
16:27 of 1st period - Shot Misses the Net.
16:46 of 1st period - Kevin Bahl is hit by Brandon Duhaime and loses puck.
16:52 of 1st period - Icing by Kevin Bahl.
16:53 of 1st period - Dominic Toninato wins face-off versus Pontus Holmberg in Cape Breton Oilers zone.
17:08 of 1st period - Wrist shot by James Malatesta.
17:08 of 1st period - Stopped by Hunter Jones without a rebound.
17:09 of 1st period - Jack McBain wins face-off versus Parker Kelly in Cape Breton Oilers zone.
17:54 of 1st period - Jonny Brodzinski is hit by Juuso Parssinen.
17:58 of 1st period - Snap shot by Brennan Othmann.
17:58 of 1st period - Shot Misses the Net.
18:18 of 1st period - Snap shot by Jonny Brodzinski.
18:18 of 1st period - Shot Misses the Net.
18:20 of 1st period - Snap shot by Alex Belzile.
18:20 of 1st period - Shot Misses the Net.
18:22 of 1st period - Slapshot by Vladislav Kolyachonok.
18:22 of 1st period - Stopped by Jake Allen with a rebound.
18:24 of 1st period - Slapshot by Alex Belzile.
18:24 of 1st period - Shot Misses the Net.
18:26 of 1st period - Slapshot by Philip Broberg.
18:26 of 1st period - Deflect By Alex Belzile.
18:26 of 1st period - Shot Blocked by Marcus Bjork.
18:26 of 1st period - Puck is out of play.
18:27 of 1st period - Pontus Holmberg wins face-off versus Parker Kelly in Philadelphia Phantoms zone.
18:34 of 1st period - Wrist shot by Jaret Anderson-Dolan.
18:34 of 1st period - Stopped by Hunter Jones without a rebound.
18:35 of 1st period - Pontus Holmberg wins face-off versus Parker Kelly in Cape Breton Oilers zone.
18:50 of 1st period - Wrist shot by Pontus Holmberg.
18:50 of 1st period - Deflect By Max Jones.
18:50 of 1st period - Shot Blocked by Kevin Bahl.
18:50 of 1st period - Puck is out of play.
18:51 of 1st period - Nils Aman wins face-off versus Dominic Toninato in Cape Breton Oilers zone.
19:15 of 1st period - Brandon Duhaime is hit by Carl Grundstrom and loses puck.
19:40 of 1st period - Snap shot by Lukas Rousek.
19:40 of 1st period - Stopped by Hunter Jones without a rebound.
19:41 of 1st period - Egor Afanasyev wins face-off versus Parker Kelly in Cape Breton Oilers zone.
19:55 of 1st period - Off-side.
19:56 of 1st period - Jonny Brodzinski wins face-off versus Jack McBain in neutral zone.
Goals for this period are 1 for Cape Breton Oilers vs 0 for Philadelphia Phantoms.
Shots for this period are 14 for Cape Breton Oilers vs 12 for Philadelphia Phantoms.
2nd period
0:01 of 2nd period - Jack McBain wins face-off versus Parker Kelly in neutral zone.
0:38 of 2nd period - Slapshot by Brennan Othmann.
0:38 of 2nd period - Shot Misses the Net.
1:54 of 2nd period - Alex Steeves is hit by Kevin Bahl and loses puck.
1:59 of 2nd period - Wrist shot by Brett Seney.
1:59 of 2nd period - Deflect By Max Jones.
1:59 of 2nd period - Shot Hit the Post.
1:59 of 2nd period - Puck is out of play.
2:00 of 2nd period - Parker Kelly wins face-off versus Pontus Holmberg in Philadelphia Phantoms zone.
2:15 of 2nd period - Snap shot by Jaret Anderson-Dolan.
2:15 of 2nd period - Stopped by Hunter Jones with a rebound.
2:33 of 2nd period - Wrist shot by Alex Steeves.
2:33 of 2nd period - Shot Hit the Post.
2:45 of 2nd period - Snap shot by Brennan Othmann.
2:45 of 2nd period - Shot Misses the Net.
2:47 of 2nd period - Snap shot by Wyatt Kaiser.
2:47 of 2nd period - Stopped by Jake Allen with a rebound.
2:53 of 2nd period - Snap shot by Jonny Brodzinski.
2:53 of 2nd period - Shot Misses the Net.
2:55 of 2nd period - Wrist shot by Alex Belzile.
2:55 of 2nd period - Goal by Alex Belzile - Cape Breton Oilers : 2 - Philadelphia Phantoms : 0.
2:56 of 2nd period - Pontus Holmberg wins face-off versus Parker Kelly in neutral zone.
3:12 of 2nd period - Off-side.
3:13 of 2nd period - Jack McBain wins face-off versus Dominic Toninato in neutral zone.
3:20 of 2nd period - Wrist shot by Tye Kartye.
3:20 of 2nd period - Deflect By Carl Grundstrom.
3:20 of 2nd period - Shot Misses the Net.
3:20 of 2nd period - Puck is out of play.
3:21 of 2nd period - Dominic Toninato wins face-off versus Jack McBain in Cape Breton Oilers zone.
3:56 of 2nd period - Wrist shot by Lukas Rousek.
3:56 of 2nd period - Stopped by Hunter Jones with a rebound.
3:58 of 2nd period - Snap shot by Nick Blankenburg.
3:58 of 2nd period - Stopped by Hunter Jones with a rebound.
4:07 of 2nd period - Off-side.
4:08 of 2nd period - Egor Afanasyev wins face-off versus Parker Kelly in neutral zone.
4:15 of 2nd period - Snap shot by Alex Steeves.
4:15 of 2nd period - Shot Misses the Net.
4:17 of 2nd period - Slapshot by Egor Afanasyev.
4:17 of 2nd period - Stopped by Hunter Jones without a rebound.
4:18 of 2nd period - Pontus Holmberg wins face-off versus Parker Kelly in Cape Breton Oilers zone.
4:44 of 2nd period - Philip Broberg is hit by Tyler Kleven and loses puck.
5:05 of 2nd period - Wrist shot by Egor Afanasyev.
5:05 of 2nd period - Shot Blocked by Dominic Toninato.
5:27 of 2nd period - Wrist shot by Parker Kelly.
5:27 of 2nd period - Shot Misses the Net.
5:29 of 2nd period - Slapshot by Kevin Bahl.
5:29 of 2nd period - Stopped by Jake Allen with a rebound.
5:31 of 2nd period - Backhand shot by Parker Kelly.
5:31 of 2nd period - Stopped by Jake Allen with a rebound.
5:47 of 2nd period - Wrist shot by Brennan Othmann.
5:47 of 2nd period - Goal by Brennan Othmann - Cape Breton Oilers : 3 - Philadelphia Phantoms : 0.
5:48 of 2nd period - Pontus Holmberg wins face-off versus Parker Kelly in neutral zone.
5:55 of 2nd period - Wrist shot by James Malatesta.
5:55 of 2nd period - Shot Misses the Net.
5:58 of 2nd period - Icing by Leon Gawanke.
5:59 of 2nd period - Jack McBain wins face-off versus Parker Kelly in Cape Breton Oilers zone.
6:02 of 2nd period - Snap shot by Tye Kartye.
6:02 of 2nd period - Shot Misses the Net.
6:44 of 2nd period - Icing by William Trudeau.
6:45 of 2nd period - Parker Kelly wins face-off versus Egor Afanasyev in Cape Breton Oilers zone.
6:52 of 2nd period - Snap shot by Will Cuylle.
6:52 of 2nd period - Stopped by Jake Allen with a rebound.
6:54 of 2nd period - Snap shot by Will Cuylle.
6:54 of 2nd period - Shot Blocked by Juuso Parssinen.
7:10 of 2nd period - Snap shot by Carl Grundstrom.
7:10 of 2nd period - Shot Misses the Net.
7:18 of 2nd period - Slapshot by Jaret Anderson-Dolan.
7:18 of 2nd period - Stopped by Hunter Jones with a rebound.
7:20 of 2nd period - Snap shot by Jaret Anderson-Dolan.
7:20 of 2nd period - Shot Misses the Net.
7:27 of 2nd period - Icing by Alex Belzile.
7:28 of 2nd period - Nils Aman wins face-off versus Jonny Brodzinski in Cape Breton Oilers zone.
7:29 of 2nd period - Backhand shot by Brandon Duhaime.
7:29 of 2nd period - Shot Blocked by Alex Belzile.
7:31 of 2nd period - Wrist shot by Tye Kartye.
7:31 of 2nd period - Deflect By Leon Gawanke.
7:31 of 2nd period - Goal by Tye Kartye - Cape Breton Oilers : 3 - Philadelphia Phantoms : 1.
7:32 of 2nd period - Parker Kelly wins face-off versus Nils Aman in neutral zone.
7:43 of 2nd period - Snap shot by Max Jones.
7:43 of 2nd period - Stopped by Jake Allen without a rebound.
7:44 of 2nd period - Jack McBain wins face-off versus Parker Kelly in Philadelphia Phantoms zone.
7:44 of 2nd period - Jack McBain is hit by Brett Seney.
8:09 of 2nd period - Egor Afanasyev is hit by Vladislav Kolyachonok and loses puck.
8:20 of 2nd period - Wrist shot by Juuso Parssinen.
8:20 of 2nd period - Stopped by Hunter Jones without a rebound.
8:21 of 2nd period - Jaret Anderson-Dolan wins face-off versus Parker Kelly in Cape Breton Oilers zone.
9:13 of 2nd period - Snap shot by Dominic Toninato.
9:13 of 2nd period - Stopped by Jake Allen with a rebound.
9:23 of 2nd period - Snap shot by Brandon Duhaime.
9:23 of 2nd period - Shot Misses the Net.
9:45 of 2nd period - Wrist shot by Will Cuylle.
9:45 of 2nd period - Shot Misses the Net.
9:51 of 2nd period - Snap shot by Dominic Toninato.
9:51 of 2nd period - Shot Blocked by Lukas Rousek.
10:05 of 2nd period - Wrist shot by Brandon Duhaime.
10:05 of 2nd period - Stopped by Hunter Jones without a rebound.
10:06 of 2nd period - Egor Afanasyev wins face-off versus Parker Kelly in Cape Breton Oilers zone.
11:17 of 2nd period - Snap shot by Juuso Parssinen.
11:17 of 2nd period - Shot Misses the Net.
11:31 of 2nd period - Snap shot by Tye Kartye.
11:31 of 2nd period - Shot Misses the Net.
11:33 of 2nd period - Snap shot by Tye Kartye.
11:33 of 2nd period - Shot Misses the Net.
11:35 of 2nd period - Wrist shot by Jesper Fast.
11:35 of 2nd period - Deflect By Jack McBain.
11:35 of 2nd period - Shot Misses the Net.
11:35 of 2nd period - Puck is out of play.
11:36 of 2nd period - Pontus Holmberg wins face-off versus Jonny Brodzinski in Cape Breton Oilers zone.
11:48 of 2nd period - Wrist shot by Jaret Anderson-Dolan.
11:48 of 2nd period - Deflect By James Malatesta.
11:48 of 2nd period - Stopped by Hunter Jones with a rebound.
12:02 of 2nd period - Wrist shot by Brett Seney.
12:02 of 2nd period - Shot Misses the Net.
13:00 of 2nd period - Max Jones is hit by Jaret Anderson-Dolan and loses puck.
14:20 of 2nd period - Jonny Brodzinski is hit by Jaret Anderson-Dolan and loses puck.
14:27 of 2nd period - Wrist shot by Jaret Anderson-Dolan.
14:27 of 2nd period - Stopped by Hunter Jones without a rebound.
14:28 of 2nd period - Egor Afanasyev wins face-off versus Dominic Toninato in Cape Breton Oilers zone.
14:29 of 2nd period - Snap shot by Juuso Parssinen.
14:29 of 2nd period - Shot Hit the Post.
14:43 of 2nd period - Snap shot by Carl Grundstrom.
14:43 of 2nd period - Stopped by Jake Allen without a rebound.
14:44 of 2nd period - Pontus Holmberg wins face-off versus Jonny Brodzinski in Philadelphia Phantoms zone.
14:54 of 2nd period - Minor Penalty to Alex Belzile for Roughing.
14:55 of 2nd period - Brett Seney wins face-off versus Jack McBain in Cape Breton Oilers zone.
15:10 of 2nd period - Snap shot by Jack McBain.
15:10 of 2nd period - Stopped by Hunter Jones with a rebound.
15:39 of 2nd period - Snap shot by Philip Broberg.
15:39 of 2nd period - Shot Blocked by Ryan Johnson.
15:41 of 2nd period - Snap shot by Parker Kelly.
15:41 of 2nd period - Stopped by Jake Allen with a rebound.
16:13 of 2nd period - Juuso Parssinen is hit by Dominic Toninato and loses puck.
16:54 of 2nd period - Penalty to Alex Belzile is over, Alex Belzile is back on ice.
17:25 of 2nd period - Snap shot by Brett Seney.
17:25 of 2nd period - Shot Misses the Net.
18:03 of 2nd period - Off-side.
18:04 of 2nd period - Tye Kartye wins face-off versus Matt Luff in neutral zone.
18:07 of 2nd period - Slapshot by William Borgen.
18:07 of 2nd period - Stopped by Hunter Jones with a rebound.
18:15 of 2nd period - Snap shot by Parker Kelly.
18:15 of 2nd period - Stopped by Jake Allen without a rebound.
18:16 of 2nd period - Juuso Parssinen wins face-off versus Parker Kelly in Philadelphia Phantoms zone.
18:31 of 2nd period - Snap shot by Alex Steeves.
18:31 of 2nd period - Goal by Alex Steeves - Cape Breton Oilers : 3 - Philadelphia Phantoms : 2.
18:32 of 2nd period - Pontus Holmberg wins face-off versus Jonny Brodzinski in neutral zone.
18:47 of 2nd period - Snap shot by Jaret Anderson-Dolan.
18:47 of 2nd period - Shot Misses the Net.
18:59 of 2nd period - Alex Steeves is hit by Maxim Groshev and loses puck.
19:04 of 2nd period - Snap shot by Parker Kelly.
19:04 of 2nd period - Stopped by Jake Allen with a rebound.
19:06 of 2nd period - Wrist shot by Maxim Groshev.
19:06 of 2nd period - Stopped by Jake Allen with a rebound.
19:22 of 2nd period - Slapshot by Tye Kartye.
19:22 of 2nd period - Stopped by Hunter Jones without a rebound.
19:23 of 2nd period - Jack McBain wins face-off versus Jonny Brodzinski in Cape Breton Oilers zone.
19:24 of 2nd period - Snap shot by Jesper Fast.
19:24 of 2nd period - Goal by Jesper Fast - Cape Breton Oilers : 3 - Philadelphia Phantoms : 3.
19:25 of 2nd period - Jack McBain wins face-off versus Parker Kelly in neutral zone.
Goals for this period are 2 for Cape Breton Oilers vs 3 for Philadelphia Phantoms.
Shots for this period are 13 for Cape Breton Oilers vs 15 for Philadelphia Phantoms.
3rd period
0:01 of 3rd period - Egor Afanasyev wins face-off versus Parker Kelly in neutral zone.
0:06 of 3rd period - Snap shot by Egor Afanasyev.
0:06 of 3rd period - Stopped by Hunter Jones without a rebound.
0:07 of 3rd period - Egor Afanasyev wins face-off versus Parker Kelly in Cape Breton Oilers zone.
1:10 of 3rd period - Minor Penalty to Tye Kartye for High sticking.
1:11 of 3rd period - Jack McBain wins face-off versus Parker Kelly in Philadelphia Phantoms zone.
1:36 of 3rd period - Carl Grundstrom is hit by Jack McBain and loses puck.
3:05 of 3rd period - Off-side.
3:06 of 3rd period - Juuso Parssinen wins face-off versus Jonah Gadjovich in neutral zone.
3:10 of 3rd period - Penalty to Tye Kartye is over, Tye Kartye is back on ice.
3:25 of 3rd period - Juuso Parssinen is hit by Jonny Brodzinski and loses puck.
3:36 of 3rd period - Slapshot by James Malatesta.
3:36 of 3rd period - Stopped by Hunter Jones with a rebound.
3:38 of 3rd period - Slapshot by Nick Blankenburg.
3:38 of 3rd period - Shot Blocked by Kevin Bahl.
3:56 of 3rd period - Off-side.
3:57 of 3rd period - Dominic Toninato wins face-off versus Nils Aman in neutral zone.
4:11 of 3rd period - Snap shot by Nils Aman.
4:11 of 3rd period - Stopped by Hunter Jones without a rebound.
4:12 of 3rd period - Egor Afanasyev wins face-off versus Parker Kelly in Cape Breton Oilers zone.
4:24 of 3rd period - Slapshot by Philip Broberg.
4:24 of 3rd period - Stopped by Jake Allen with a rebound.
4:26 of 3rd period - Snap shot by Parker Kelly.
4:26 of 3rd period - Deflect By Brett Seney.
4:26 of 3rd period - Stopped by Jake Allen with a rebound.
4:28 of 3rd period - Wrist shot by Max Jones.
4:28 of 3rd period - Shot Blocked by Alex Steeves.
4:57 of 3rd period - Snap shot by Jack McBain.
4:57 of 3rd period - Stopped by Hunter Jones with a rebound.
4:59 of 3rd period - Slapshot by Ryan Johnson.
4:59 of 3rd period - Shot Misses the Net.
5:01 of 3rd period - Snap shot by Ryan Johnson.
5:01 of 3rd period - Shot Misses the Net.
5:03 of 3rd period - Slapshot by Marcus Bjork.
5:03 of 3rd period - Stopped by Hunter Jones without a rebound.
5:04 of 3rd period - Parker Kelly wins face-off versus Juuso Parssinen in Cape Breton Oilers zone.
5:13 of 3rd period - Slapshot by Juuso Parssinen.
5:13 of 3rd period - Shot Blocked by Vladislav Kolyachonok.
5:25 of 3rd period - Juuso Parssinen is hit by Brett Seney and loses puck.
5:35 of 3rd period - Icing by Alex Steeves.
5:36 of 3rd period - Pontus Holmberg wins face-off versus Jonny Brodzinski in Philadelphia Phantoms zone.
5:45 of 3rd period - Slapshot by Pontus Holmberg.
5:45 of 3rd period - Stopped by Hunter Jones with a rebound.
5:47 of 3rd period - Wrist shot by James Malatesta.
5:47 of 3rd period - Stopped by Hunter Jones without a rebound.
5:48 of 3rd period - Jack McBain wins face-off versus Parker Kelly in Cape Breton Oilers zone.
5:53 of 3rd period - Snap shot by Jesper Fast.
5:53 of 3rd period - Stopped by Hunter Jones with a rebound.
6:14 of 3rd period - Lukas Rousek is hit by Jonny Brodzinski and loses puck.
6:46 of 3rd period - Slapshot by James Malatesta.
6:46 of 3rd period - Stopped by Hunter Jones without a rebound.
6:47 of 3rd period - Egor Afanasyev wins face-off versus Parker Kelly in Cape Breton Oilers zone.
7:02 of 3rd period - Snap shot by Alex Steeves.
7:02 of 3rd period - Shot Blocked by Max Jones.
7:37 of 3rd period - Slapshot by Will Cuylle.
7:37 of 3rd period - Stopped by Jake Allen without a rebound.
7:38 of 3rd period - Dominic Toninato wins face-off versus Nils Aman in Philadelphia Phantoms zone.
7:39 of 3rd period - Snap shot by Will Cuylle.
7:39 of 3rd period - Stopped by Jake Allen without a rebound.
7:40 of 3rd period - Dominic Toninato wins face-off versus Pontus Holmberg in Philadelphia Phantoms zone.
7:41 of 3rd period - Wrist shot by Will Cuylle.
7:41 of 3rd period - Shot Blocked by James Malatesta.
7:48 of 3rd period - Minor Penalty to Leon Gawanke for Cross-checking.
7:49 of 3rd period - Jack McBain wins face-off versus Parker Kelly in Cape Breton Oilers zone.
8:04 of 3rd period - Slapshot by Jesper Fast.
8:04 of 3rd period - Shot Misses the Net.
9:20 of 3rd period - Kevin Bahl is hit by James Malatesta and loses puck.
9:41 of 3rd period - Wyatt Kaiser is hit by Tye Kartye and loses puck.
9:48 of 3rd period - Penalty to Leon Gawanke is over, Leon Gawanke is back on ice.
9:52 of 3rd period - Kevin Bahl is hit by Nick Blankenburg.
10:01 of 3rd period - Icing by Kevin Bahl.
10:02 of 3rd period - Brett Seney wins face-off versus Nils Aman in Cape Breton Oilers zone.
10:21 of 3rd period - Wrist shot by Brett Seney.
10:21 of 3rd period - Stopped by Jake Allen without a rebound.
10:22 of 3rd period - Egor Afanasyev wins face-off versus Matt Luff in Philadelphia Phantoms zone.
10:22 of 3rd period - Egor Afanasyev is hit by Maxim Groshev.
10:30 of 3rd period - Philip Broberg is hit by Egor Afanasyev and loses puck.
10:48 of 3rd period - Philip Broberg is hit by Jesper Fast and loses puck.
10:53 of 3rd period - Slapshot by Jack McBain.
10:53 of 3rd period - Shot Misses the Net.
10:55 of 3rd period - Snap shot by Jack McBain.
10:55 of 3rd period - Shot Misses the Net.
10:57 of 3rd period - Slapshot by Marcus Bjork.
10:57 of 3rd period - Stopped by Hunter Jones with a rebound.
10:59 of 3rd period - Slapshot by Marcus Bjork.
10:59 of 3rd period - Shot Blocked by Vladislav Kolyachonok.
11:01 of 3rd period - Snap shot by Jack McBain.
11:01 of 3rd period - Stopped by Hunter Jones with a rebound.
13:33 of 3rd period - William Borgen is hit by Leon Gawanke and loses puck.
13:47 of 3rd period - Ryan Johnson is hit by Maxim Groshev and loses puck.
13:58 of 3rd period - Alex Steeves is hit by Maxim Groshev and loses puck.
14:34 of 3rd period - James Malatesta is hit by Brennan Othmann and loses puck.
14:57 of 3rd period - Parker Kelly is hit by Jaret Anderson-Dolan and loses puck.
15:45 of 3rd period - Brett Seney is hit by James Malatesta and loses puck.
15:54 of 3rd period - Wrist shot by Pontus Holmberg.
15:54 of 3rd period - Shot Misses the Net.
15:56 of 3rd period - Slapshot by Nick Blankenburg.
15:56 of 3rd period - Deflect By Wyatt Kaiser.
15:56 of 3rd period - Stopped by Hunter Jones with a rebound.
15:58 of 3rd period - Snap shot by Jaret Anderson-Dolan.
15:58 of 3rd period - Goal by Jaret Anderson-Dolan - Cape Breton Oilers : 3 - Philadelphia Phantoms : 4.
15:59 of 3rd period - Lukas Rousek wins face-off versus Jonny Brodzinski in neutral zone.
16:02 of 3rd period - Brennan Othmann is hit by Lukas Rousek.
16:36 of 3rd period - Snap shot by Jesper Fast.
16:36 of 3rd period - Shot Misses the Net.
16:47 of 3rd period - Minor Penalty to Brennan Othmann for Slashing.
16:48 of 3rd period - Jack McBain wins face-off versus Brett Seney in Cape Breton Oilers zone.
17:19 of 3rd period - Wrist shot by Alex Steeves.
17:19 of 3rd period - Shot Misses the Net.
18:04 of 3rd period - Icing by Ryan Johnson.
18:05 of 3rd period - Parker Kelly wins face-off versus Egor Afanasyev in Philadelphia Phantoms zone.
18:20 of 3rd period - Snap shot by Jack McBain.
18:20 of 3rd period - Stopped by Hunter Jones with a rebound.
18:22 of 3rd period - Wrist shot by Tye Kartye.
18:22 of 3rd period - Shot Blocked by Philip Broberg.
18:24 of 3rd period - Snap shot by Jesper Fast.
18:24 of 3rd period - Stopped by Hunter Jones without a rebound.
18:25 of 3rd period - Jack McBain wins face-off versus Parker Kelly in Cape Breton Oilers zone.
18:47 of 3rd period - Penalty to Brennan Othmann is over, Brennan Othmann is back on ice.
19:06 of 3rd period - Cape Breton Oilers, Hunter Jones is pulled from the net.
19:40 of 3rd period - Slapshot by Brett Seney.
19:40 of 3rd period - Shot Blocked by Pontus Holmberg.
19:50 of 3rd period - Snap shot by Jack McBain.
19:50 of 3rd period - Goal by Jack McBain - Cape Breton Oilers : 3 - Philadelphia Phantoms : 5.
19:50 of 3rd period - Hunter Jones from Cape Breton Oilers was sent back in the game.
19:51 of 3rd period - Jonah Gadjovich wins face-off versus Nils Aman in neutral zone.
19:53 of 3rd period - Off-side.
19:54 of 3rd period - Jonah Gadjovich wins face-off versus Nils Aman in neutral zone.
19:59 of 3rd period - Slapshot by Jesper Fast.
19:59 of 3rd period - Shot Blocked by Alex Belzile.
Goals for this period are 0 for Cape Breton Oilers vs 2 for Philadelphia Phantoms.
Shots for this period are 5 for Cape Breton Oilers vs 16 for Philadelphia Phantoms.
Back to the Top